Influenza vs Inferno
Created - 16 mai 2013 at 20:16
Goals
|
| Influenza |
3 |
1 |
3 |
7 |
| Inferno |
1 |
3 |
2 |
6 |
|
Shots
|
| Influenza |
11 |
15 |
16 |
42 |
| Inferno |
8 |
19 |
8 |
35 |
|
1st period
1. Influenza , Rob Schremp 36 (Martins Karsums, Brent Krahn) at 4:32 (PP)
2. Influenza , Martins Karsums 29 (Rob Schremp) at 5:13
3. Influenza , Rob Schremp 37 (Martins Karsums, Robbie Earl) at 13:17 (PP)
4. Inferno , Mikhail Grabovski 49 (Branko Radivojevic) at 19:03
Penalties :
Jake Dowell (Anc) for Roughing (Minor) at 1:19, Jake Dowell (Anc) for Hooking (Minor) at 3:24, Mikhail Grabovski (Anc) for Boarding (Minor) at 12:37, Brendan Smith (Anc) for High sticking (Minor) at 13:32, Matt Smaby (Anc) for Roughing (Minor) at 18:37, Justin Abdelkader (VJB) for Cross-checking (Minor) at 18:37
2nd period
5. Inferno , Branko Radivojevic 55 (Mikhail Grabovski) at 4:04
6. Influenza , Martins Karsums 30 (Rob Schremp) at 4:37
7. Inferno , Jay Pandolfo 36 (Matt Smaby, Branko Radivojevic) at 13:12 (SH)
8. Inferno , Brad Marchand 29 (Pierre-Luc Létourneau) at 16:04 (SH)
Penalties :
Mikhail Grabovski (Anc) for Hooking (Minor) at 12:36, Alex Berry (Anc) for Interference (Minor) at 14:46, Tim Gleason (VJB) for Hooking (Minor) at 19:07
3rd period
9. Inferno , Brad Marchand 30 (Vladimir Sobotka) at 8:30
10. Influenza , Rob Schremp 38 (Jamie McBain, Justin Abdelkader) at 13:01
11. Influenza , Blake Comeau 47 (Ryan Carter, Jaime Sifers) at 14:45
12. Influenza , Rob Schremp 39 (Lasse Kukkonen) at 17:01
13. Inferno , Branko Radivojevic 56 (Mikhail Grabovski) at 18:32
Penalties :
Alex Berry (Anc) for Tripping (Minor) at 11:08, Pierre-Cédric Labrie (VJB) for Cross-checking (Minor) at 11:08, Matt Smaby (Anc) for Interference (Minor) at 18:24, Tim Gleason (VJB) for Interference (Minor) at 18:24
Goalie Stats
Brent Krahn (VJB), 29 saves from 35 shots - (0,829), W, 26-21-10, 60:00 minutes
Josh Harding (Anc), 14 saves from 18 shots - (0,778), 24:37 minutes
Jonathan Boutin (Anc), 21 saves from 24 shots - (0,875), L, 10-15-2, 34:50 minutes
Players Stats for Influenza
Player Name G A P +/- PIM S H SB GA TA FO MP PP MP PK MP
------------------------------------------------------------------------------------
Alexander Sulzer 0 0 0 -1 0 1 1 0 0 0 0/0 16:03 2:52 0:52
Blake Comeau 1 0 1 -3 0 4 1 1 1 2 1/3 25:25 6:11 1:35
Brian Salcido 0 0 0 -1 0 0 0 2 0 0 0/0 9:11 0:00 0:00
Charles Linglet 0 0 0 -1 0 0 1 0 0 0 0/0 9:07 0:07 0:14
Cody McCormick 0 0 0 -1 0 0 0 0 0 0 1/3 8:08 0:00 0:00
Colton Orr 0 0 0 0 0 1 1 0 1 0 0/0 8:08 0:07 0:00
Jaime Sifers 0 1 1 1 0 2 0 0 0 0 0/0 19:53 2:52 0:52
Jamie McBain 0 1 1 -2 0 4 2 2 1 1 0/0 25:21 6:52 1:07
Justin Abdelkader 0 1 1 0 2 1 4 0 0 0 0/0 20:36 6:11 0:07
Lasse Kukkonen 0 1 1 -1 0 4 4 0 1 1 0/0 30:25 6:52 1:07
Marek Zagrapan 0 0 0 0 0 1 1 0 0 1 3/4 7:49 0:00 0:00
Martins Karsums 2 2 4 2 0 4 3 0 0 1 1/2 16:48 3:26 0:00
Pierre-Cédric Labrie 0 0 0 0 2 0 1 0 0 0 1/1 8:01 0:00 0:00
Rob Schremp 4 2 6 3 0 8 1 0 1 0 5/17 17:37 3:26 0:27
Robbie Earl 0 1 1 2 0 2 1 1 0 0 0/0 15:58 3:26 0:00
Ryan Carter 0 1 1 -3 0 7 2 0 0 0 22/51 25:37 6:11 1:35
Ryan Vesce 0 0 0 -1 0 2 1 0 0 0 1/1 8:46 0:07 0:00
Tim Gleason 0 0 0 2 4 1 0 0 0 0 0/0 19:31 0:00 0:00
Players Stats for Inferno
Player Name G A P +/- PIM S H SB GA TA FO MP PP MP PK MP
------------------------------------------------------------------------------------
Alex Berry 0 0 0 0 4 1 0 1 0 0 1/1 9:36 0:00 0:00
Andrej Sekera 0 0 0 -1 0 2 2 0 0 0 0/0 31:04 1:13 7:01
Brad Marchand 2 0 2 1 0 2 1 1 1 0 0/1 10:37 0:47 0:15
Branko Radivojevic 2 2 4 2 0 7 1 0 0 2 0/4 25:33 1:12 6:09
Brendan Mikkelson 0 0 0 1 0 1 1 1 0 0 0/0 12:53 0:00 2:43
Brendan Smith 0 0 0 2 2 0 3 2 0 1 0/0 17:02 0:46 0:00
Brian Boyle 0 0 0 -3 0 4 0 2 0 0 15/23 18:04 0:00 5:59
Derek Meech 0 0 0 3 0 1 1 2 1 1 0/0 22:02 0:46 2:43
Jake Dowell 0 0 0 0 4 0 1 0 0 0 0/4 8:21 0:00 0:00
Jay Pandolfo 1 0 1 0 0 2 2 1 1 0 2/2 19:04 1:12 2:58
Matt Carkner 0 0 0 0 0 0 1 0 0 0 0/0 9:32 0:00 0:00
Matt Smaby 0 1 1 -3 4 3 0 0 3 0 0/0 27:41 1:13 7:01
Mikhail Grabovski 1 2 3 2 4 6 0 0 0 1 22/38 21:59 1:12 2:29
Pierre-Luc Létourneau 0 1 1 2 0 3 1 0 0 0 2/2 10:29 0:00 1:38
Roman Wick 0 0 0 0 0 0 0 0 0 0 0/0 8:17 0:00 0:00
Stephane Veilleux 0 0 0 -2 0 1 1 0 0 0 2/4 10:46 0:00 0:00
Vladimir Sobotka 0 1 1 0 0 1 0 0 0 0 3/3 10:01 0:47 0:00
Vladimir Zharkov 0 0 0 -2 0 1 1 0 0 0 0/0 11:33 0:47 0:00
3 Stars
1 - Rob Schremp (VJB)
2 - Martins Karsums (VJB)
3 - Branko Radivojevic (Anc)
Power Play
Influenza - 2 on 6 Attempt(s) - 33,33%
Inferno - 0 on 1 Attempt(s) - 0,00%
Penalty Kill
Influenza - 1 on 1 Attempt(s) - 100,00%
- Score 0 goal in Penalty Kill
Inferno - 4 on 6 Attempt(s) - 66,67%
- Score 2 goal in Penalty Kill
Official
Referees : Marouelli Dan and Joannette Marc
Linesman : Derek Amell and Greg Devorski
Game Notes
Jonathan Boutin enters game at 4:37 of 2nd period
12:47 of 3rd period - Influenza goal is going for a video replay. After video review, No Goal. The net was displaced accidentally.
Rob Schremp has scored a Hat Trick!
Influenza
5 vs 5 Forward
Center Left Wing Right Wing Time % Phy DF OF
1 Ryan Carter Justin Abdelkader Blake Comeau 40 1 1 3
2 Rob Schremp Robbie Earl Martins Karsums 30 1 1 3
3 Cody McCormick Charles Linglet Ryan Vesce 20 1 2 2
4 Marek Zagrapan Pierre-Cédric Labrie Colton Orr 10 1 2 2
5 vs 5 Defense
Defense Defense Time % Phy DF OF
1 Lasse Kukkonen Tim Gleason 40 1 2 2
2 Jamie McBain Jaime Sifers 30 1 2 2
3 Alexander Sulzer Brian Salcido 20 1 2 2
4 Lasse Kukkonen Tim Gleason 10 1 2 2
PowerPlay Forward
Center Left Wing Right Wing Time % Phy DF OF
1 Ryan Carter Justin Abdelkader Blake Comeau 60 1 2 2
2 Rob Schremp Robbie Earl Martins Karsums 40 1 2 2
PowerPlay Defense
Defense Defense Time % Phy DF OF
1 Jamie McBain Lasse Kukkonen 60 1 2 2
2 Alexander Sulzer Jaime Sifers 40 1 2 2
Penalty Kill 4 Players Forward
Center Wing Time % Phy DF OF
1 Ryan Carter Blake Comeau 60 1 2 2
2 Rob Schremp Justin Abdelkader 40 1 2 2
Penalty Kill 4 Players Defense
Defense Defense Time % Phy DF OF
1 Jamie McBain Lasse Kukkonen 60 1 2 2
2 Alexander Sulzer Jaime Sifers 40 1 2 2
Penalty Kill - 3 Players Forward
Forward Time % Phy DF OF
1 Ryan Carter 60 1 2 2
2 Rob Schremp 40 1 2 2
Penalty Kill - 3 Players Defense
Defense Defense Time % Phy DF OF
1 Jamie McBain Lasse Kukkonen 60 1 2 2
2 Alexander Sulzer Jaime Sifers 40 1 2 2
4 vs 4 Forward
Center Wing Time % Phy DF OF
1 Ryan Carter Blake Comeau 60 1 2 2
2 Rob Schremp Justin Abdelkader 40 1 2 2
4 vs 4 Defense
Defense Defense Time % Phy DF OF
1 Jamie McBain Lasse Kukkonen 60 1 2 2
2 Alexander Sulzer Jaime Sifers 40 1 2 2
Last Minutes Offensive
Center Left Wing Right Wing Defense Defense
Ryan Carter Justin Abdelkader Blake Comeau Tim Gleason Lasse Kukkonen
Last Minutes Defensive
Center Left Wing Right Wing Defense Defense
Ryan Carter Justin Abdelkader Blake Comeau Tim Gleason Lasse Kukkonen
Goaltenders
Starting : Brent Krahn
Backup : Alex Stalock
Extra Forwards
Normal : Martins Karsums, Ryan Vesce, Rob Schremp - PP : Ryan Vesce, Martins Karsums - PK : Rob Schremp
Extra Defensemen
Normal : Jamie McBain, Tim Gleason, Alexander Sulzer - PP : Jamie McBain - PK : Tim Gleason, Jamie McBain
Penalty Shots
Justin Abdelkader, Ryan Carter, Martins Karsums, Rob Schremp, Robbie Earl
Inferno
5 vs 5 Forward
Center Left Wing Right Wing Time % Phy DF OF
1 Mikhail Grabovski Jay Pandolfo Branko Radivojevic 40 1 2 2
2 Brian Boyle Stephane Veilleux Vladimir Zharkov 30 1 2 2
3 Vladimir Sobotka Brad Marchand Alex Berry 20 1 2 2
4 Jake Dowell Pierre-Luc Létourneau Roman Wick 10 1 2 2
5 vs 5 Defense
Defense Defense Time % Phy DF OF
1 Matt Smaby Andrej Sekera 40 1 2 2
2 Brendan Smith Derek Meech 30 1 2 2
3 Brendan Mikkelson Matt Carkner 20 1 2 2
4 Matt Smaby Andrej Sekera 10 1 2 2
PowerPlay Forward
Center Left Wing Right Wing Time % Phy DF OF
1 Mikhail Grabovski Jay Pandolfo Branko Radivojevic 60 1 2 2
2 Vladimir Sobotka Brad Marchand Vladimir Zharkov 40 1 2 2
PowerPlay Defense
Defense Defense Time % Phy DF OF
1 Matt Smaby Andrej Sekera 60 1 2 2
2 Brendan Smith Derek Meech 40 1 2 2
Penalty Kill 4 Players Forward
Center Wing Time % Phy DF OF
1 Brian Boyle Branko Radivojevic 60 1 2 2
2 Mikhail Grabovski Jay Pandolfo 40 1 2 2
Penalty Kill 4 Players Defense
Defense Defense Time % Phy DF OF
1 Matt Smaby Andrej Sekera 60 1 2 2
2 Brendan Mikkelson Derek Meech 40 1 2 2
Penalty Kill - 3 Players Forward
Forward Time % Phy DF OF
1 Brian Boyle 60 1 2 2
2 Jay Pandolfo 40 1 2 2
Penalty Kill - 3 Players Defense
Defense Defense Time % Phy DF OF
1 Matt Smaby Andrej Sekera 60 1 2 2
2 Brendan Mikkelson Derek Meech 40 1 2 2
4 vs 4 Forward
Center Wing Time % Phy DF OF
1 Mikhail Grabovski Branko Radivojevic 60 1 2 2
2 Brian Boyle Jay Pandolfo 40 1 2 2
4 vs 4 Defense
Defense Defense Time % Phy DF OF
1 Matt Smaby Andrej Sekera 60 1 2 2
2 Brendan Smith Derek Meech 40 1 2 2
Last Minutes Offensive
Center Left Wing Right Wing Defense Defense
Mikhail Grabovski Jay Pandolfo Branko Radivojevic Matt Smaby Andrej Sekera
Last Minutes Defensive
Center Left Wing Right Wing Defense Defense
Mikhail Grabovski Jay Pandolfo Branko Radivojevic Matt Smaby Andrej Sekera
Goaltenders
Starting : Josh Harding
Backup : Jonathan Boutin
Extra Forwards
Normal : Brad Marchand, Pierre-Luc Létourneau, Stephane Veilleux - PP : Brad Marchand, Pierre-Luc Létourneau - PK : Pierre-Luc Létourneau
Extra Defensemen
Normal : Derek Meech, Brendan Smith, Matt Carkner - PP : Brendan Smith - PK : Derek Meech, Brendan Mikkelson
Penalty Shots
Branko Radivojevic, Jay Pandolfo, Stephane Veilleux, Brad Marchand, Mikhail Grabovski
% Time on Ice - Influenza
Lines # - Real PCT - Wanted PCT - Time Play
Normal Forward
1 - 33% - 40% - 14:15
2 - 29% - 30% - 12:32
3 - 19% - 20% - 8:08
4 - 18% - 10% - 7:49
Normal Defense
1 - 42% - 40% - 17:56
2 - 34% - 30% - 14:26
3 - 20% - 20% - 8:43
4 - 4% - 10% - 1:39
PP Forward
1 - 65% - 60% - 6:18
2 - 35% - 40% - 3:26
PP Defense
1 - 71% - 60% - 6:52
2 - 29% - 40% - 2:52
PK Forward
1 - 94% - 60% - 1:52
2 - 6% - 40% - 0:07
PK Defense
1 - 56% - 60% - 1:07
2 - 44% - 40% - 0:52
PK3 Forward
1 - 0% - 60%
2 - 0% - 40%
PK3 Defense
1 - 0% - 60%
2 - 0% - 40%
44 Forward
1 - 78% - 60% - 4:21
2 - 22% - 40% - 1:12
44 Defense
1 - 63% - 60% - 3:30
2 - 37% - 40% - 2:03
Last Minute Offensive - 0:00
Last Minute Defensive - 0:00
Total
Forward - 60:00
Defense - 60:00
|
% Time on Ice - Inferno
Lines # - Real PCT - Wanted PCT - Time Play
Normal Forward
1 - 34% - 40% - 14:21
2 - 25% - 30% - 10:52
3 - 22% - 20% - 9:14
4 - 19% - 10% - 8:17
Normal Defense
1 - 40% - 40% - 17:16
2 - 35% - 30% - 15:01
3 - 22% - 20% - 9:19
4 - 3% - 10% - 1:08
PP Forward
1 - 61% - 60% - 1:12
2 - 39% - 40% - 0:47
PP Defense
1 - 61% - 60% - 1:13
2 - 39% - 40% - 0:46
PK Forward
1 - 70% - 60% - 6:46
2 - 30% - 40% - 2:58
PK Defense
1 - 72% - 60% - 7:01
2 - 28% - 40% - 2:43
PK3 Forward
1 - 0% - 60%
2 - 0% - 40%
PK3 Defense
1 - 0% - 60%
2 - 0% - 40%
44 Forward
1 - 80% - 60% - 4:25
2 - 20% - 40% - 1:08
44 Defense
1 - 84% - 60% - 4:39
2 - 16% - 40% - 0:54
Last Minute Offensive - 0:00
Last Minute Defensive - 0:00
Total
Forward - 60:00
Defense - 60:00
|
Play by Play
1st period
0:01 of 1st period - Mikhail Grabovski wins face-off versus Ryan Carter in neutral zone.
0:04 of 1st period - Slapshot by Matt Smaby.
0:04 of 1st period - Shot Misses the Net.
0:06 of 1st period - Snap shot by Branko Radivojevic.
0:06 of 1st period - Shot Misses the Net.
0:56 of 1st period - Off-side.
0:57 of 1st period - Marek Zagrapan wins face-off versus Jake Dowell in neutral zone.
1:06 of 1st period - Wrist shot by Marek Zagrapan.
1:06 of 1st period - Stopped by Josh Harding without a rebound.
1:07 of 1st period - Marek Zagrapan wins face-off versus Jake Dowell in Inferno zone.
1:08 of 1st period - Wrist shot by Colton Orr.
1:08 of 1st period - Shot Misses the Net.
1:19 of 1st period - Minor Penalty to Jake Dowell for Roughing.
1:20 of 1st period - Brian Boyle wins face-off versus Ryan Carter in Inferno zone.
2:11 of 1st period - Snap shot by Mikhail Grabovski.
2:11 of 1st period - Stopped by Brent Krahn without a rebound.
2:12 of 1st period - Mikhail Grabovski wins face-off versus Martins Karsums in Influenza zone.
2:27 of 1st period - Wrist shot by Martins Karsums.
2:27 of 1st period - Stopped by Josh Harding with a rebound.
3:10 of 1st period - Snap shot by Lasse Kukkonen.
3:10 of 1st period - Stopped by Josh Harding without a rebound.
3:11 of 1st period - Pierre-Luc Létourneau wins face-off versus Rob Schremp in Inferno zone.
3:11 of 1st period - Pierre-Luc Létourneau is hit by Robbie Earl.
3:19 of 1st period - Penalty to Jake Dowell is over, Jake Dowell is back on ice.
3:24 of 1st period - Minor Penalty to Jake Dowell for Hooking.
3:25 of 1st period - Ryan Carter wins face-off versus Brian Boyle in Inferno zone.
3:36 of 1st period - Slapshot by Ryan Carter.
3:36 of 1st period - Stopped by Josh Harding with a rebound.
3:54 of 1st period - Snap shot by Mikhail Grabovski.
3:54 of 1st period - Shot Blocked by Robbie Earl.
3:56 of 1st period - Slapshot by Derek Meech.
3:56 of 1st period - Shot Misses the Net.
3:58 of 1st period - Slapshot by Mikhail Grabovski.
3:58 of 1st period - Stopped by Brent Krahn without a rebound.
3:59 of 1st period - Brian Boyle wins face-off versus Ryan Carter in Influenza zone.
4:32 of 1st period - Snap shot by Rob Schremp.
4:32 of 1st period - Goal by Rob Schremp - Influenza : 1 - Inferno : 0.
4:33 of 1st period - Ryan Carter wins face-off versus Mikhail Grabovski in neutral zone.
5:01 of 1st period - Snap shot by Brian Boyle.
5:01 of 1st period - Shot Misses the Net.
5:03 of 1st period - Slapshot by Brendan Mikkelson.
5:03 of 1st period - Stopped by Brent Krahn without a rebound.
5:04 of 1st period - Rob Schremp wins face-off versus Stephane Veilleux in Influenza zone.
5:13 of 1st period - Wrist shot by Martins Karsums.
5:13 of 1st period - Goal by Martins Karsums - Influenza : 2 - Inferno : 0.
5:14 of 1st period - Ryan Carter wins face-off versus Mikhail Grabovski in neutral zone.
5:42 of 1st period - Slapshot by Ryan Vesce.
5:42 of 1st period - Stopped by Josh Harding with a rebound.
6:45 of 1st period - Snap shot by Stephane Veilleux.
6:45 of 1st period - Deflect By Brian Boyle.
6:45 of 1st period - Shot Misses the Net.
6:45 of 1st period - Puck is out of play.
6:46 of 1st period - Pierre-Cédric Labrie wins face-off versus Mikhail Grabovski in Influenza zone.
7:12 of 1st period - Snap shot by Marek Zagrapan.
7:12 of 1st period - Shot Misses the Net.
7:56 of 1st period - Wrist shot by Alex Berry.
7:56 of 1st period - Stopped by Brent Krahn with a rebound.
7:58 of 1st period - Slapshot by Brendan Mikkelson.
7:58 of 1st period - Shot Misses the Net.
8:19 of 1st period - Off-side.
8:20 of 1st period - Ryan Carter wins face-off versus Mikhail Grabovski in neutral zone.
8:46 of 1st period - Matt Smaby is hit by Lasse Kukkonen and loses puck.
9:13 of 1st period - Wrist shot by Roman Wick.
9:13 of 1st period - Shot Misses the Net.
9:15 of 1st period - Slapshot by Andrej Sekera.
9:15 of 1st period - Deflect By Pierre-Luc Létourneau.
9:15 of 1st period - Shot Misses the Net.
9:15 of 1st period - Puck is out of play.
9:16 of 1st period - Ryan Carter wins face-off versus Mikhail Grabovski in Influenza zone.
9:32 of 1st period - Jay Pandolfo is hit by Ryan Carter and loses puck.
9:57 of 1st period - Snap shot by Blake Comeau.
9:57 of 1st period - Shot Blocked by Derek Meech.
10:31 of 1st period - Wrist shot by Rob Schremp.
10:31 of 1st period - Shot Misses the Net.
10:33 of 1st period - Snap shot by Robbie Earl.
10:33 of 1st period - Stopped by Josh Harding with a rebound.
10:35 of 1st period - Wrist shot by Robbie Earl.
10:35 of 1st period - Shot Blocked by Brendan Mikkelson.
10:37 of 1st period - Slapshot by Jamie McBain.
10:37 of 1st period - Shot Blocked by Alex Berry.
11:16 of 1st period - Pierre-Cédric Labrie is hit by Matt Carkner.
11:37 of 1st period - Off-side.
11:38 of 1st period - Jay Pandolfo wins face-off versus Cody McCormick in neutral zone.
11:43 of 1st period - Wrist shot by Jay Pandolfo.
11:43 of 1st period - Deflect By Branko Radivojevic.
11:43 of 1st period - Stopped by Brent Krahn without a rebound.
11:44 of 1st period - Mikhail Grabovski wins face-off versus Rob Schremp in Influenza zone.
11:57 of 1st period - Slapshot by Rob Schremp.
11:57 of 1st period - Stopped by Josh Harding without a rebound.
11:58 of 1st period - Mikhail Grabovski wins face-off versus Ryan Carter in Inferno zone.
11:58 of 1st period - Mikhail Grabovski is hit by Lasse Kukkonen.
12:37 of 1st period - Minor Penalty to Mikhail Grabovski for Boarding.
12:38 of 1st period - Brian Boyle wins face-off versus Ryan Carter in Inferno zone.
12:38 of 1st period - Brian Boyle is hit by Jamie McBain.
13:00 of 1st period - Matt Smaby is hit by Justin Abdelkader.
13:10 of 1st period - Pierre-Luc Létourneau is hit by Martins Karsums and loses puck.
13:17 of 1st period - Wrist shot by Rob Schremp.
13:17 of 1st period - Goal by Rob Schremp - Influenza : 3 - Inferno : 0.
13:18 of 1st period - Brian Boyle wins face-off versus Ryan Carter in neutral zone.
13:21 of 1st period - Wrist shot by Brian Boyle.
13:21 of 1st period - Stopped by Brent Krahn with a rebound.
13:32 of 1st period - Minor Penalty to Brendan Smith for High sticking.
13:33 of 1st period - Brian Boyle wins face-off versus Ryan Carter in Inferno zone.
13:44 of 1st period - Slapshot by Lasse Kukkonen.
13:44 of 1st period - Shot Misses the Net.
13:46 of 1st period - Snap shot by Ryan Carter.
13:46 of 1st period - Shot Misses the Net.
14:16 of 1st period - Snap shot by Mikhail Grabovski.
14:16 of 1st period - Stopped by Brent Krahn with a rebound.
15:31 of 1st period - Derek Meech is hit by Charles Linglet.
15:32 of 1st period - Penalty to Brendan Smith is over, Brendan Smith is back on ice.
15:39 of 1st period - Derek Meech is hit by Colton Orr and loses puck.
16:16 of 1st period - Wrist shot by Ryan Vesce.
16:16 of 1st period - Shot Blocked by Brian Boyle.
17:20 of 1st period - Brian Boyle is hit by Ryan Vesce and loses puck.
18:12 of 1st period - Brendan Mikkelson is hit by Pierre-Cédric Labrie and loses puck.
18:37 of 1st period - Minor Penalty to Matt Smaby for Roughing.
18:37 of 1st period - Minor Penalty to Justin Abdelkader for Cross-checking.
18:38 of 1st period - Mikhail Grabovski wins face-off versus Ryan Carter in neutral zone.
18:44 of 1st period - Brendan Smith is hit by Lasse Kukkonen and loses puck.
18:51 of 1st period - Slapshot by Ryan Carter.
18:51 of 1st period - Shot Blocked by Brendan Smith.
18:53 of 1st period - Slapshot by Jamie McBain.
18:53 of 1st period - Stopped by Josh Harding without a rebound.
18:54 of 1st period - Ryan Carter wins face-off versus Mikhail Grabovski in Inferno zone.
19:03 of 1st period - Snap shot by Mikhail Grabovski.
19:03 of 1st period - Goal by Mikhail Grabovski - Influenza : 3 - Inferno : 1.
19:04 of 1st period - Mikhail Grabovski wins face-off versus Ryan Carter in neutral zone.
19:13 of 1st period - Snap shot by Branko Radivojevic.
19:13 of 1st period - Shot Misses the Net.
19:15 of 1st period - Snap shot by Mikhail Grabovski.
19:15 of 1st period - Shot Misses the Net.
2nd period
0:01 of 2nd period - Ryan Carter wins face-off versus Mikhail Grabovski in neutral zone.
0:08 of 2nd period - Snap shot by Ryan Carter.
0:08 of 2nd period - Stopped by Josh Harding with a rebound.
0:10 of 2nd period - Slapshot by Jamie McBain.
0:10 of 2nd period - Shot Misses the Net.
0:12 of 2nd period - Slapshot by Lasse Kukkonen.
0:12 of 2nd period - Deflect By Ryan Carter.
0:12 of 2nd period - Stopped by Josh Harding without a rebound.
0:13 of 2nd period - Ryan Carter wins face-off versus Branko Radivojevic in Inferno zone.
0:22 of 2nd period - Slapshot by Jamie McBain.
0:22 of 2nd period - Stopped by Josh Harding without a rebound.
0:23 of 2nd period - Ryan Carter wins face-off versus Branko Radivojevic in Inferno zone.
0:32 of 2nd period - Snap shot by Blake Comeau.
0:32 of 2nd period - Shot Misses the Net.
0:37 of 2nd period - Penalty to Matt Smaby is over, Matt Smaby is back on ice.
0:37 of 2nd period - Penalty to Justin Abdelkader is over, Justin Abdelkader is back on ice.
0:40 of 2nd period - Slapshot by Lasse Kukkonen.
0:40 of 2nd period - Stopped by Josh Harding without a rebound.
0:41 of 2nd period - Rob Schremp wins face-off versus Brian Boyle in Inferno zone.
0:51 of 2nd period - Off-side.
0:52 of 2nd period - Ryan Carter wins face-off versus Branko Radivojevic in neutral zone.
1:44 of 2nd period - Jaime Sifers is hit by Brendan Smith and loses puck.
2:37 of 2nd period - Snap shot by Jamie McBain.
2:37 of 2nd period - Stopped by Josh Harding with a rebound.
2:39 of 2nd period - Snap shot by Jaime Sifers.
2:39 of 2nd period - Deflect By Alex Berry.
2:39 of 2nd period - Stopped by Josh Harding without a rebound.
2:40 of 2nd period - Alex Berry wins face-off versus Ryan Carter in Inferno zone.
3:54 of 2nd period - Wrist shot by Pierre-Luc Létourneau.
3:54 of 2nd period - Stopped by Brent Krahn without a rebound.
3:55 of 2nd period - Mikhail Grabovski wins face-off versus Ryan Carter in Influenza zone.
3:58 of 2nd period - Snap shot by Branko Radivojevic.
3:58 of 2nd period - Deflect By Mikhail Grabovski.
3:58 of 2nd period - Shot Misses the Net.
3:58 of 2nd period - Puck is out of play.
3:59 of 2nd period - Mikhail Grabovski wins face-off versus Ryan Carter in Influenza zone.
4:04 of 2nd period - Snap shot by Branko Radivojevic.
4:04 of 2nd period - Goal by Branko Radivojevic - Influenza : 3 - Inferno : 2.
4:05 of 2nd period - Ryan Carter wins face-off versus Mikhail Grabovski in neutral zone.
4:30 of 2nd period - Matt Smaby is hit by Martins Karsums and loses puck.
4:37 of 2nd period - Snap shot by Martins Karsums.
4:37 of 2nd period - Goal by Martins Karsums - Influenza : 4 - Inferno : 2.
4:37 of 2nd period - Jonathan Boutin enters game.
4:38 of 2nd period - Mikhail Grabovski wins face-off versus Ryan Carter in neutral zone.
4:45 of 2nd period - Off-side.
4:46 of 2nd period - Ryan Carter wins face-off versus Mikhail Grabovski in neutral zone.
4:51 of 2nd period - Slapshot by Lasse Kukkonen.
4:51 of 2nd period - Shot Misses the Net.
4:54 of 2nd period - Icing by Jay Pandolfo.
4:55 of 2nd period - Mikhail Grabovski wins face-off versus Ryan Carter in Inferno zone.
5:03 of 2nd period - Slapshot by Andrej Sekera.
5:03 of 2nd period - Shot Misses the Net.
5:05 of 2nd period - Snap shot by Mikhail Grabovski.
5:05 of 2nd period - Stopped by Brent Krahn with a rebound.
5:30 of 2nd period - Snap shot by Branko Radivojevic.
5:30 of 2nd period - Stopped by Brent Krahn without a rebound.
5:31 of 2nd period - Brian Boyle wins face-off versus Rob Schremp in Influenza zone.
5:40 of 2nd period - Backhand shot by Brian Boyle.
5:40 of 2nd period - Stopped by Brent Krahn with a rebound.
5:56 of 2nd period - Brad Marchand is hit by Justin Abdelkader and loses puck.
6:41 of 2nd period - Snap shot by Pierre-Luc Létourneau.
6:41 of 2nd period - Stopped by Brent Krahn without a rebound.
6:42 of 2nd period - Mikhail Grabovski wins face-off versus Marek Zagrapan in Influenza zone.
6:45 of 2nd period - Snap shot by Branko Radivojevic.
6:45 of 2nd period - Stopped by Brent Krahn without a rebound.
6:46 of 2nd period - Mikhail Grabovski wins face-off versus Ryan Carter in Influenza zone.
7:40 of 2nd period - Lasse Kukkonen is hit by Andrej Sekera and loses puck.
8:12 of 2nd period - Andrej Sekera is hit by Lasse Kukkonen and loses puck.
8:23 of 2nd period - Snap shot by Matt Smaby.
8:23 of 2nd period - Shot Misses the Net.
8:27 of 2nd period - Snap shot by Mikhail Grabovski.
8:27 of 2nd period - Stopped by Brent Krahn with a rebound.
8:29 of 2nd period - Snap shot by Matt Smaby.
8:29 of 2nd period - Shot Blocked by Blake Comeau.
9:09 of 2nd period - Wrist shot by Ryan Vesce.
9:09 of 2nd period - Shot Misses the Net.
9:11 of 2nd period - Slapshot by Jamie McBain.
9:11 of 2nd period - Shot Misses the Net.
9:13 of 2nd period - Slapshot by Jaime Sifers.
9:13 of 2nd period - Shot Misses the Net.
9:15 of 2nd period - Wrist shot by Jamie McBain.
9:15 of 2nd period - Shot Blocked by Derek Meech.
9:53 of 2nd period - Jake Dowell is hit by Justin Abdelkader and loses puck.
10:26 of 2nd period - Icing by Andrej Sekera.
10:27 of 2nd period - Ryan Vesce wins face-off versus Stephane Veilleux in Inferno zone.
10:32 of 2nd period - Snap shot by Ryan Vesce.
10:32 of 2nd period - Stopped by Jonathan Boutin without a rebound.
10:33 of 2nd period - Mikhail Grabovski wins face-off versus Cody McCormick in Inferno zone.
10:44 of 2nd period - Tim Gleason is hit by Brendan Smith and loses puck.
11:22 of 2nd period - Snap shot by Matt Smaby.
11:22 of 2nd period - Shot Misses the Net.
11:41 of 2nd period - Wrist shot by Blake Comeau.
11:41 of 2nd period - Stopped by Jonathan Boutin with a rebound.
11:43 of 2nd period - Snap shot by Ryan Carter.
11:43 of 2nd period - Deflect By Andrej Sekera.
11:43 of 2nd period - Stopped by Jonathan Boutin without a rebound.
11:44 of 2nd period - Mikhail Grabovski wins face-off versus Rob Schremp in Inferno zone.
11:53 of 2nd period - Wrist shot by Branko Radivojevic.
11:53 of 2nd period - Stopped by Brent Krahn without a rebound.
11:54 of 2nd period - Martins Karsums wins face-off versus Mikhail Grabovski in Influenza zone.
12:03 of 2nd period - Snap shot by Rob Schremp.
12:03 of 2nd period - Stopped by Jonathan Boutin with a rebound.
12:15 of 2nd period - Icing by Jamie McBain.
12:16 of 2nd period - Stephane Veilleux wins face-off versus Rob Schremp in Influenza zone.
12:23 of 2nd period - Slapshot by Matt Smaby.
12:23 of 2nd period - Shot Misses the Net.
12:25 of 2nd period - Wrist shot by Andrej Sekera.
12:25 of 2nd period - Stopped by Brent Krahn with a rebound.
12:27 of 2nd period - Wrist shot by Vladimir Zharkov.
12:27 of 2nd period - Stopped by Brent Krahn with a rebound.
12:29 of 2nd period - Wrist shot by Andrej Sekera.
12:29 of 2nd period - Deflect By Brian Boyle.
12:29 of 2nd period - Shot Blocked by Jamie McBain.
12:29 of 2nd period - Puck is out of play.
12:30 of 2nd period - Mikhail Grabovski wins face-off versus Ryan Carter in Influenza zone.
12:36 of 2nd period - Minor Penalty to Mikhail Grabovski for Hooking.
12:37 of 2nd period - Ryan Carter wins face-off versus Brian Boyle in Inferno zone.
12:57 of 2nd period - Branko Radivojevic is hit by Ryan Carter and loses puck.
13:12 of 2nd period - Snap shot by Jay Pandolfo.
13:12 of 2nd period - Goal by Jay Pandolfo - Influenza : 4 - Inferno : 3.
13:13 of 2nd period - Brian Boyle wins face-off versus Ryan Carter in neutral zone.
13:22 of 2nd period - Slapshot by Branko Radivojevic.
13:22 of 2nd period - Deflect By Brian Boyle.
13:22 of 2nd period - Shot Blocked by Jamie McBain.
13:22 of 2nd period - Puck is out of play.
13:23 of 2nd period - Brian Boyle wins face-off versus Ryan Carter in Influenza zone.
13:26 of 2nd period - Snap shot by Brian Boyle.
13:26 of 2nd period - Stopped by Brent Krahn with a rebound.
13:28 of 2nd period - Slapshot by Andrej Sekera.
13:28 of 2nd period - Deflect By Jamie McBain.
13:28 of 2nd period - Stopped by Brent Krahn without a rebound.
13:29 of 2nd period - Brian Boyle wins face-off versus Ryan Carter in Influenza zone.
13:32 of 2nd period - Snap shot by Branko Radivojevic.
13:32 of 2nd period - Deflect By Brian Boyle.
13:32 of 2nd period - Stopped by Brent Krahn without a rebound.
13:33 of 2nd period - Ryan Carter wins face-off versus Brian Boyle in Influenza zone.
13:39 of 2nd period - Off-side.
13:40 of 2nd period - Ryan Carter wins face-off versus Brian Boyle in neutral zone.
14:36 of 2nd period - Penalty to Mikhail Grabovski is over, Mikhail Grabovski is back on ice.
14:46 of 2nd period - Minor Penalty to Alex Berry for Interference.
14:47 of 2nd period - Brian Boyle wins face-off versus Ryan Carter in Inferno zone.
16:02 of 2nd period - Snap shot by Matt Smaby.
16:02 of 2nd period - Stopped by Brent Krahn without a rebound.
16:03 of 2nd period - Pierre-Luc Létourneau wins face-off versus Blake Comeau in Influenza zone.
16:04 of 2nd period - Snap shot by Brad Marchand.
16:04 of 2nd period - Goal by Brad Marchand - Influenza : 4 - Inferno : 4.
16:05 of 2nd period - Brian Boyle wins face-off versus Blake Comeau in neutral zone.
16:14 of 2nd period - Snap shot by Brian Boyle.
16:14 of 2nd period - Shot Misses the Net.
16:16 of 2nd period - Slapshot by Matt Smaby.
16:16 of 2nd period - Deflect By Branko Radivojevic.
16:16 of 2nd period - Deflect By Lasse Kukkonen.
16:16 of 2nd period - Stopped by Brent Krahn with a rebound.
16:18 of 2nd period - Slapshot by Matt Smaby.
16:18 of 2nd period - Stopped by Brent Krahn without a rebound.
16:19 of 2nd period - Brian Boyle wins face-off versus Ryan Carter in Influenza zone.
16:26 of 2nd period - Slapshot by Lasse Kukkonen.
16:26 of 2nd period - Stopped by Jonathan Boutin without a rebound.
16:27 of 2nd period - Brian Boyle wins face-off versus Ryan Carter in Inferno zone.
16:46 of 2nd period - Penalty to Alex Berry is over, Alex Berry is back on ice.
16:54 of 2nd period - Wrist shot by Ryan Carter.
16:54 of 2nd period - Stopped by Jonathan Boutin with a rebound.
16:56 of 2nd period - Wrist shot by Ryan Carter.
16:56 of 2nd period - Stopped by Jonathan Boutin without a rebound.
16:57 of 2nd period - Vladimir Sobotka wins face-off versus Rob Schremp in Inferno zone.
17:14 of 2nd period - Brian Salcido is hit by Brad Marchand and loses puck.
18:17 of 2nd period - Lasse Kukkonen is hit by Pierre-Luc Létourneau and loses puck.
18:24 of 2nd period - Pierre-Luc Létourneau is hit by Marek Zagrapan and loses puck.
18:32 of 2nd period - Icing by Matt Smaby.
18:33 of 2nd period - Ryan Carter wins face-off versus Jake Dowell in Inferno zone.
18:48 of 2nd period - Slapshot by Jamie McBain.
18:48 of 2nd period - Stopped by Jonathan Boutin without a rebound.
18:49 of 2nd period - Mikhail Grabovski wins face-off versus Rob Schremp in Inferno zone.
18:49 of 2nd period - Mikhail Grabovski is hit by Martins Karsums.
19:07 of 2nd period - Minor Penalty to Tim Gleason for Hooking.
19:08 of 2nd period - Ryan Carter wins face-off versus Mikhail Grabovski in Influenza zone.
19:08 of 2nd period - Ryan Carter is hit by Branko Radivojevic.
19:41 of 2nd period - Off-side.
19:42 of 2nd period - Ryan Carter wins face-off versus Mikhail Grabovski in neutral zone.
3rd period
0:01 of 3rd period - Ryan Carter wins face-off versus Branko Radivojevic in neutral zone.
0:59 of 3rd period - Alexander Sulzer is hit by Jay Pandolfo.
1:07 of 3rd period - Penalty to Tim Gleason is over, Tim Gleason is back on ice.
1:27 of 3rd period - Jaime Sifers is hit by Stephane Veilleux and loses puck.
1:48 of 3rd period - Slapshot by Jaime Sifers.
1:48 of 3rd period - Shot Blocked by Brad Marchand.
1:58 of 3rd period - Wrist shot by Martins Karsums.
1:58 of 3rd period - Stopped by Jonathan Boutin with a rebound.
2:33 of 3rd period - Lasse Kukkonen is hit by Andrej Sekera and loses puck.
2:44 of 3rd period - Slapshot by Tim Gleason.
2:44 of 3rd period - Stopped by Jonathan Boutin with a rebound.
2:56 of 3rd period - Colton Orr is hit by Brendan Smith and loses puck.
3:23 of 3rd period - Snap shot by Vladimir Sobotka.
3:23 of 3rd period - Stopped by Brent Krahn with a rebound.
3:35 of 3rd period - Brendan Smith is hit by Jamie McBain and loses puck.
4:32 of 3rd period - Wrist shot by Justin Abdelkader.
4:32 of 3rd period - Stopped by Jonathan Boutin with a rebound.
4:34 of 3rd period - Wrist shot by Blake Comeau.
4:34 of 3rd period - Stopped by Jonathan Boutin with a rebound.
4:36 of 3rd period - Snap shot by Justin Abdelkader.
4:36 of 3rd period - Shot Misses the Net.
5:01 of 3rd period - Icing by Andrej Sekera.
5:02 of 3rd period - Marek Zagrapan wins face-off versus Brad Marchand in Inferno zone.
5:35 of 3rd period - Snap shot by Mikhail Grabovski.
5:35 of 3rd period - Shot Misses the Net.
5:37 of 3rd period - Snap shot by Branko Radivojevic.
5:37 of 3rd period - Shot Misses the Net.
5:47 of 3rd period - Snap shot by Pierre-Luc Létourneau.
5:47 of 3rd period - Stopped by Brent Krahn without a rebound.
5:48 of 3rd period - Rob Schremp wins face-off versus Jake Dowell in Influenza zone.
6:20 of 3rd period - Wrist shot by Colton Orr.
6:20 of 3rd period - Stopped by Jonathan Boutin with a rebound.
6:22 of 3rd period - Wrist shot by Pierre-Cédric Labrie.
6:22 of 3rd period - Shot Blocked by Brendan Smith.
6:38 of 3rd period - Jamie McBain is hit by Jake Dowell and loses puck.
7:03 of 3rd period - Slapshot by Jamie McBain.
7:03 of 3rd period - Deflect By Martins Karsums.
7:03 of 3rd period - Shot Misses the Net.
7:03 of 3rd period - Puck is out of play.
7:04 of 3rd period - Jay Pandolfo wins face-off versus Rob Schremp in Inferno zone.
7:04 of 3rd period - Jay Pandolfo is hit by Rob Schremp.
7:30 of 3rd period - Branko Radivojevic is hit by Alexander Sulzer and loses puck.
7:35 of 3rd period - Snap shot by Rob Schremp.
7:35 of 3rd period - Stopped by Jonathan Boutin without a rebound.
7:36 of 3rd period - Blake Comeau wins face-off versus Brian Boyle in Inferno zone.
7:37 of 3rd period - Wrist shot by Ryan Carter.
7:37 of 3rd period - Stopped by Jonathan Boutin without a rebound.
7:38 of 3rd period - Brian Boyle wins face-off versus Ryan Carter in Inferno zone.
8:03 of 3rd period - Lasse Kukkonen is hit by Jay Pandolfo and loses puck.
8:30 of 3rd period - Wrist shot by Brad Marchand.
8:30 of 3rd period - Goal by Brad Marchand - Influenza : 4 - Inferno : 5.
8:31 of 3rd period - Ryan Carter wins face-off versus Mikhail Grabovski in neutral zone.
8:36 of 3rd period - Snap shot by Lasse Kukkonen.
8:36 of 3rd period - Shot Blocked by Jay Pandolfo.
9:45 of 3rd period - Jamie McBain is hit by Brendan Mikkelson and loses puck.
10:14 of 3rd period - Slapshot by Lasse Kukkonen.
10:14 of 3rd period - Shot Misses the Net.
10:32 of 3rd period - Ryan Vesce is hit by Vladimir Zharkov and loses puck.
11:08 of 3rd period - Minor Penalty to Alex Berry for Tripping.
11:08 of 3rd period - Minor Penalty to Pierre-Cédric Labrie for Cross-checking.
11:09 of 3rd period - Mikhail Grabovski wins face-off versus Ryan Carter in Inferno zone.
12:45 of 3rd period - Snap shot by Rob Schremp.
12:45 of 3rd period - Shot Misses the Net.
12:47 of 3rd period - Slapshot by Alexander Sulzer.
12:47 of 3rd period - Influenza goal is going for a video replay.
12:47 of 3rd period - The goal is refused. The net was displaced accidentally..
12:48 of 3rd period - Rob Schremp wins face-off versus Brian Boyle in Inferno zone.
12:59 of 3rd period - Snap shot by Rob Schremp.
12:59 of 3rd period - Shot Blocked by Brian Boyle.
13:01 of 3rd period - Slapshot by Jamie McBain.
13:01 of 3rd period - Deflect By Rob Schremp.
13:01 of 3rd period - Goal by Rob Schremp - Influenza : 5 - Inferno : 5.
13:02 of 3rd period - Ryan Carter wins face-off versus Mikhail Grabovski in neutral zone.
13:08 of 3rd period - Penalty to Alex Berry is over, Alex Berry is back on ice.
13:08 of 3rd period - Penalty to Pierre-Cédric Labrie is over, Pierre-Cédric Labrie is back on ice.
13:18 of 3rd period - Backhand shot by Branko Radivojevic.
13:18 of 3rd period - Shot Misses the Net.
13:20 of 3rd period - Wrist shot by Alex Berry.
13:20 of 3rd period - Deflect By Mikhail Grabovski.
13:20 of 3rd period - Shot Misses the Net.
13:20 of 3rd period - Puck is out of play.
13:21 of 3rd period - Brian Boyle wins face-off versus Rob Schremp in Influenza zone.
13:26 of 3rd period - Snap shot by Brian Boyle.
13:26 of 3rd period - Shot Misses the Net.
13:48 of 3rd period - Icing by Derek Meech.
13:49 of 3rd period - Ryan Carter wins face-off versus Mikhail Grabovski in Inferno zone.
13:58 of 3rd period - Derek Meech is hit by Justin Abdelkader and loses puck.
14:41 of 3rd period - Wrist shot by Blake Comeau.
14:41 of 3rd period - Stopped by Jonathan Boutin with a rebound.
14:43 of 3rd period - Snap shot by Ryan Carter.
14:43 of 3rd period - Shot Misses the Net.
14:45 of 3rd period - Slapshot by Blake Comeau.
14:45 of 3rd period - Goal by Blake Comeau - Influenza : 6 - Inferno : 5.
14:46 of 3rd period - Rob Schremp wins face-off versus Brian Boyle in neutral zone.
14:57 of 3rd period - Snap shot by Stephane Veilleux.
14:57 of 3rd period - Stopped by Brent Krahn without a rebound.
14:58 of 3rd period - Stephane Veilleux wins face-off versus Rob Schremp in Influenza zone.
15:21 of 3rd period - Icing by Rob Schremp.
15:22 of 3rd period - Vladimir Sobotka wins face-off versus Rob Schremp in Influenza zone.
15:34 of 3rd period - Icing by Tim Gleason.
15:35 of 3rd period - Vladimir Sobotka wins face-off versus Rob Schremp in Influenza zone.
15:38 of 3rd period - Snap shot by Matt Smaby.
15:38 of 3rd period - Stopped by Brent Krahn with a rebound.
15:46 of 3rd period - Slapshot by Rob Schremp.
15:46 of 3rd period - Shot Misses the Net.
15:48 of 3rd period - Snap shot by Lasse Kukkonen.
15:48 of 3rd period - Stopped by Jonathan Boutin with a rebound.
15:50 of 3rd period - Snap shot by Robbie Earl.
15:50 of 3rd period - Stopped by Jonathan Boutin with a rebound.
15:52 of 3rd period - Snap shot by Martins Karsums.
15:52 of 3rd period - Shot Misses the Net.
15:54 of 3rd period - Wrist shot by Martins Karsums.
15:54 of 3rd period - Shot Misses the Net.
17:01 of 3rd period - Slapshot by Rob Schremp.
17:01 of 3rd period - Goal by Rob Schremp - Influenza : 7 - Inferno : 5.
17:02 of 3rd period - Cody McCormick wins face-off versus Mikhail Grabovski in neutral zone.
17:34 of 3rd period - Backhand shot by Jaime Sifers.
17:34 of 3rd period - Stopped by Jonathan Boutin with a rebound.
17:36 of 3rd period - Snap shot by Blake Comeau.
17:36 of 3rd period - Shot Misses the Net.
17:46 of 3rd period - Jamie McBain is hit by Derek Meech and loses puck.
18:17 of 3rd period - Wrist shot by Jay Pandolfo.
18:17 of 3rd period - Shot Blocked by Brian Salcido.
18:19 of 3rd period - Snap shot by Jay Pandolfo.
18:19 of 3rd period - Shot Blocked by Brian Salcido.
18:21 of 3rd period - Slapshot by Derek Meech.
18:21 of 3rd period - Stopped by Brent Krahn with a rebound.
18:23 of 3rd period - Slapshot by Jay Pandolfo.
18:23 of 3rd period - Stopped by Brent Krahn without a rebound.
18:24 of 3rd period - Mikhail Grabovski wins face-off versus Ryan Carter in Influenza zone.
18:24 of 3rd period - Minor Penalty to Matt Smaby for Interference.
18:24 of 3rd period - Minor Penalty to Tim Gleason for Interference.
18:25 of 3rd period - Mikhail Grabovski wins face-off versus Ryan Carter in Influenza zone.
18:32 of 3rd period - Snap shot by Branko Radivojevic.
18:32 of 3rd period - Goal by Branko Radivojevic - Influenza : 7 - Inferno : 6.
18:33 of 3rd period - Mikhail Grabovski wins face-off versus Ryan Carter in neutral zone.
19:21 of 3rd period - Wrist shot by Rob Schremp.
19:21 of 3rd period - Stopped by Jonathan Boutin without a rebound.
19:22 of 3rd period - Dan Bylsma call a timeout for Inferno.
19:22 of 3rd period - Mikhail Grabovski wins face-off versus Ryan Carter in Inferno zone.
19:27 of 3rd period - Inferno, Jonathan Boutin is pulled from the net.
19:37 of 3rd period - Icing by Jaime Sifers.
19:38 of 3rd period - Mikhail Grabovski wins face-off versus Ryan Carter in Influenza zone.
19:39 of 3rd period - Wrist shot by Branko Radivojevic.
19:39 of 3rd period - Shot Misses the Net.
19:55 of 3rd period - Derek Meech is hit by Blake Comeau and loses puck.
Output by the SimonT Hockey Simulator (STHS) for François Prévost -- Original Page W3C XHTML 1.0 Valid